 Dungeon Crawl Stone Soup version 0.20-a0-858-g654850e (webtiles) character file.

83 Patate the Sneak (level 4, -1/21 HPs)
             Began as a Spriggan Enchanter on Mar 12, 2017.
             Slain by an orc wizard
             ... wielding a +0 dagger
              (4 damage)
             ... on level 3 of the Dungeon.
             The game lasted 00:11:06 (3275 turns).

Patate the Sneak (Spriggan Enchanter)               Turns: 3275, Time: 00:11:07

Health: -1/21      AC:  2    Str:  5    XL:     4   Next: 22%
Magic:  1/9        EV: 19    Int: 16    God:
Gold:   97         SH:  0    Dex: 16    Spells: 5/8 levels left

rFire    . . .     SeeInvis +   a - +1 dagger
rCold    . . .     Gourm    .   q - +0 robe (curse)
rNeg     . . .     Faith    .   (shield restricted)
rPois    .         Spirit   .   (helmet restricted)
rElec    .         Reflect  .   (no cloak)
rCorr    .         Harm     .   (gloves unavailable)
MR       .....                  (boots unavailable)
Stlth    ++++......             (no amulet)
Regen    0.1/turn               i - ring of stealth
MPRegen  0.2/turn               f - ring of flight

@: very quick
A: unfitting armour, see invisible, herbivore 3, speed 3, slow metabolism 2
a: Evoke Flight


You were on level 3 of the Dungeon.
You were near starving.

You visited 1 branch of the dungeon, and saw 3 of its levels.

You collected 97 gold pieces.

Inventory:

Hand Weapons
 a - a +1 dagger (weapon)
Armour
 q - a cursed +0 robe (worn)
Jewellery
 f - a ring of flight (left hand)
 i - a ring of stealth (right hand)
Scrolls
 e - 2 scrolls of remove curse {unknown}
 g - 2 scrolls of amnesia {unknown}
 o - a scroll of teleportation {unknown}
Potions
 h - 2 potions of might
 k - a potion of agility
 m - a potion of curing
Books
 c - a book of Maledictions

   Spells                             Type                      Level
   a - Corona                         Hexes                        1
   b - Ensorcelled Hibernation        Hexes/Ice                    2
   c - Confuse                        Hexes                        3
   d - Tukima's Dance                 Hexes                        3
   e - Dazzling Spray                 Conjuration/Hexes            3
 n - Sif Muna's Handbook of the Voyage
   (You found it on level 2 of the Dungeon)

   Spells                             Type                      Level
   a - Apportation                    Translocation                1
 p - a book of Conjurations

   Spells                             Type                      Level
   a - Magic Dart                     Conjuration                  1
   b - Searing Ray                    Conjuration                  2
   c - Dazzling Spray                 Conjuration/Hexes            3
   d - Fulminant Prism                Conjuration/Hexes            4
   e - Force Lance                    Conjuration/Translocation    4
   f - Iskenderun's Mystic Blast      Conjuration                  4
Comestibles
 d - 5 bread rations
 j - 2 fruits
 l - 2 royal jellies


   Skills:
 + Level 2.4 Short Blades
 + Level 4.1 Dodging
 * Level 6.3 Stealth
 - Level 2.6 Spellcasting
 - Level 3.6 Hexes


You had 5 spell levels left.
You knew the following spells:

 Your Spells              Type           Power        Failure   Level  Hunger
a - Corona                Hex            ##.....      6%          1    #......
b - Ensorcelled Hibernat  Hex/Ice        #.....       17%         2    ##.....


Dungeon Overview and Level Annotations

Branches:
Dungeon (3/15)

Altars:
Elyvilon
Hepliaklqana
Kikubaaqudgha
Ru
Sif Muna
Vehumet


Innate Abilities, Weirdness & Mutations

You are very small and have problems with some larger weapons.
You are too small for most types of armour.
You have supernaturally acute eyesight. (SInv)
You are a herbivore.
You cover ground extremely quickly.
You need consume almost no food.


Message History

Confirm with . or Enter, or press ? or * to list all spells.
You don't have enough magic to cast that spell.
Unknown command.
You hit the orc.
The orc is lightly wounded.
The orc wizard mumbles some strange words.
The orc wizard blinks!
The orc hits you with a club.
You hit the orc.
The orc is heavily wounded.
The orc wizard barely misses you. The orc hits you with a club.
You hit the orc.
The orc is severely wounded.
The orc wizard gestures at you while chanting.
The magic dart hits you!
You completely miss the orc.
The orc is severely wounded.
The orc hits you with a club.
* * * LOW HITPOINT WARNING * * *
The orc wizard hits you with a dagger.
You die...

#..######.#>....)...
#####..######.#...######
#......#.....†#.........
#.###.##......#<#.######
#.# #.##......###.#
#.###.##..........#
#.#.....###########
#......)o......
###...#@###### #####o#
#.# #.# #.# #.# #.# ####
#.# #... #...


You could see an orc wizard and an orc.

Vanquished Creatures
  2 adders (D:3)
  2 worms
  A dart slug (D:3)
  5 leopard geckos
  3 orcs (D:3)
  2 giant cockroaches
  4 goblins
  3 hobgoblins
  4 jackals (D:3)
  A quokka (D:2)
  2 ball pythons (D:3)
  5 bats
  2 frilled lizards (D:3)
  5 kobolds
  7 rats
48 creatures vanquished.

Notes
Turn   | Place    | Note
-------+----------+-------------------------------------------
     0 | D:1      | Patate the Spriggan Enchanter began the quest for the Orb.
     0 | D:1      | Reached XP level 1. HP: 9/9 MP: 5/5
   397 | D:1      | Reached XP level 2. HP: 7/13 MP: 6/6
   536 | D:1      | Learned a level 2 spell: Ensorcelled Hibernation
   557 | D:1      | Reached skill level 5 in Stealth
  1042 | D:2      | Found a hazy altar of Hepliaklqana.
  1229 | D:2      | Found a white marble altar of Elyvilon.
  1672 | D:2      | Found a radiant altar of Vehumet.
  1680 | D:2      | Found an ancient bone altar of Kikubaaqudgha.
  1681 | D:2      | Found a deep blue altar of Sif Muna.
  1687 | D:2      | Reached XP level 3. HP: 16/16 MP: 8/8
  1693 | D:2      | Identified Sif Muna's Handbook of the Voyage
  1862 | D:3      | Found a sacrificial altar of Ru.
  2704 | D:3      | Reached skill level 6 in Stealth
  2903 | D:3      | Reached XP level 4. HP: 21/21 MP: 7/9
  3275 | D:3      | Slain by an orc wizard

Vault maps used:
D:1:      dpeg_arrival_round_c
D:2:      grunt_temple_overflow_magic_moments, lemuel_doored_altar,
          overflow_temple_1_default, first_bread, grunt_decor_cap
D:3:      old_standard_altar

Skill      XL: |  1  2  3 |
---------------+----------+-----
Stealth        | 5 6 |  6.3
Short Blades   | 2 |  2.4
Dodging        | 4 |  4.1
Spellcasting   | |  2.6
Hexes          | |  3.6

Action                   |  1- 3 |  4- 6 || total
-------------------------+-------+-------++-------
Melee: Dagger            |   135 |    28 ||   163
 Cast: Ensorcelled Hiber |    17 |     9 ||    26
  Use: Scroll            |     3 |       ||     3
       Potion            |     1 |       ||     1
 Stab: Sleeping          |    26 |     7 ||    33
       Distracted        |     1 |       ||     1
Armor: Robe              |     5 |     1 ||     6
Dodge: Dodged            |   103 |    21 ||   124
